 Dungeon Crawl Stone Soup version 0.30-a0-964-gd452b5e7fa (webtiles) character file.

Game seed: 5064828311598761615

5 vishdafish the Conjurer (level 1, 0/13 HPs)
             Began as a Demonspawn Conjurer on Mar 30, 2023.
             Slain by a hobgoblin (3 damage)
             ... on level 1 of the Dungeon.
             The game lasted 00:00:25 (97 turns).

vishdafish the Conjurer (Demonspawn Conjurer)         Turns: 97, Time: 00:00:25

Health: 0/13       AC:  2    Str:  7    XL:     1   Next: 66%
Magic:  0/3        EV: 12    Int: 19    God:
Gold:   0          SH:  0    Dex: 11    Spells: 3/4 levels left

rFire   . . .      SeeInvis .    b - +0 dagger
rCold   . . .      Faith    .    (no shield)
rNeg    . . .      Spirit   .    a - +0 robe
rPois   .          Reflect  .    (no helmet)
rElec   .          Rampage  .    (no cloak)
rCorr   .                        (no gloves)
Will    .....                    (no boots)
Stlth   ++                       (no amulet)
HPRegen 0.22/turn                (no ring)
MPRegen 0.08/turn                (no ring)

@: no status effects
A: no striking features
a: no special abilities


You were on level 1 of the Dungeon.
You visited 1 branch of the dungeon, and saw 1 of its levels.

Inventory:

Hand Weapons
 b - a +0 dagger (weapon)
Armour
 a - a +0 robe (worn)
Scrolls
 c - 3 scrolls of enchant armour {unknown}


   Skills:
 - Level 1.7 Dodging
 - Level 1.7 Stealth
 + Level 2.2 Spellcasting
 + Level 4.1 Conjurations


You had 3 spell levels left.
You knew the following spells:

 Your Spells              Type           Power      Damage    Failure   Level
a - Magic Dart            Conj           68%        1d6       3%          1

Your spell library contained the following spells:

 Spells                   Type           Power      Damage    Failure   Level
 Searing Ray              Conj           34%        2d5       4%          2
 Dazzling Flash           Conj/Hex       20%        N/A       22%         3
 Fulminant Prism          Conj/Hex       5%         3d7       56%         4
 Iskenderun's Mystic Bla  Conj/Tloc      10%        2d4       56%         4


Dungeon Overview and Level Annotations

Branches:
Dungeon (1/15)

Altars:


Message History

You hit the bat.
The bat is heavily wounded.
The bat barely misses you. The hobgoblin hits you.
You barely miss the bat.
The bat is heavily wounded.
The bat barely misses you.
The hobgoblin hits you but does no damage.
You hit the hobgoblin but do no damage. The bat hits you.
The hobgoblin hits you but does no damage.
You hit the hobgoblin but do no damage. The bat hits you but does no damage.
The hobgoblin barely misses you. The bat hits you.
You hit the bat.
The bat is heavily wounded.
The bat hits you but does no damage. The hobgoblin closely misses you.
Found a stone staircase leading down.
The bat hits you. The hobgoblin hits you.
* * * LOW HITPOINT WARNING * * *
The hobgoblin closely misses you.
Aiming: Magic Dart (safe; 3% risk of failure)
Press: ? - help, Q - select action Shift-Dir - straight line, f - bat
Aim: a bat (heavily wounded, 100% to hit)
The magic dart hits the bat.
The bat is severely wounded.
The bat misses you.
The hobgoblin hits you but does no damage.
The bat closely misses you.
Things that are here:
a +0 dagger; a goblin corpse
b - a +0 dagger The bat barely misses you.
The bat misses you. The hobgoblin misses you.
Okay, then.
Aiming: Magic Dart (safe; 3% risk of failure)
Press: ? - help, Q - select action Shift-Dir - straight line, f/p - bat
Aim: a bat (severely wounded, 100% to hit)
The magic dart hits the bat.
You kill the bat!
The hobgoblin hits you.
* * * LOW HITPOINT WARNING * * *
b - a +0 dagger (weapon)
You hit the hobgoblin but do no damage. The hobgoblin hits you.
You die...

######.####
#.#######
###.†.....#
#.........#
##.#.......#
.$.#.......#
............##
#..##....g....#
#.. #.###@###.#
.. #.#...).#.#
#.#.....# #
.........
#.#.>...#.#
#.#.....#..# #
###.### .# ...
#


You could see a hobgoblin.

Vanquished Creatures
  A bat (D:1)
  A goblin (D:1)
  A kobold (D:1)
  A quokka (D:1)
4 creatures vanquished.

Notes
Turn   | Place    | Note
-------+----------+-------------------------------------------
     0 | D:1      | vishdafish the Demonspawn Conjurer began the quest for the
                  | Orb.
     0 | D:1      | Reached XP level 1. HP: 13/13 MP: 3/3
    97 | D:1      | Slain by a hobgoblin

Illustrated notes

Levels and vault maps discovered:
D:1:      dpeg_arrival_lava_altar, layout_rooms, st_stairs_3,
          nicolae_hexahallways, kennysheep_small_spiral, dk_noncrumbling_2,
          chequers_serial_rivers_small_b

Action                     || total
---------------------------++-------
  Melee: Unarmed           ||    20
         Dagger            ||     1
   Cast: Magic Dart        ||     9
    Use: Potion            ||     1
 Armour: Robe              ||    15
  Dodge: Dodged            ||    26

Table legend: (Time is in decaauts)
 A = Elapsed time spent in this place.
 B = Non-inter-level travel time spent in this place.
 C = Inter-level travel time spent in this place.
 D = Time resting spent in this place.
 E = Time spent auto-exploring this place.
 F = Levels seen in this place.
 G = Mean time per level.
                   A        B        C        D        E       F      G
               +--------+--------+--------+--------+--------+-----+--------+
         Total |     96 |     96 |      0 |      0 |     53 |   1 |   96.0 |
       Dungeon |     96 |     96 |      0 |      0 |     53 |   1 |   96.0 |
               +--------+--------+--------+--------+--------+-----+--------+

Top non-repeatable levels by time:
     D:1: 96 daAuts
